 Dungeon Crawl Stone Soup version 0.26.1-2-gb8aa6d0cf2 (webtiles) character file.

Game seed: 8040644053943324106

124 Descartes the Magician (level 4, 0/25 HPs)
             Began as a Deep Elf Wanderer on Mar 6, 2021.
             Killed from afar by an orc wizard (7 damage)
             ... with a puff of frost
             ... on level 3 of the Dungeon.
             The game lasted 00:12:22 (4233 turns).

Descartes the Magician (Deep Elf Wanderer)          Turns: 4233, Time: 00:12:23

Health: 0/25       AC:  5    Str: 10    XL:     4   Next: 81%
Magic:  22/22      EV:  9    Int: 25    God:
Gold:   115        SH:  0    Dex: 12    Spells: 9/13 levels left

rFire    . . .     SeeInvis .   a - +2 spear
rCold    . . .     Faith    .   (no shield)
rNeg     . . .     Spirit   .   r - +0 ring mail
rPois    .         Reflect  .   (no helmet)
rElec    .         Harm     .   (no cloak)
rCorr    .         Rampage  .   (no gloves)
Will     .....                  (no boots)
Stlth    +.........             (no amulet)
HPRegen  0.08/turn              j - +6 ring of intelligence
MPRegen  0.18/turn              n - ring of magical power

@: no status effects
A: no striking features
a: no special abilities


You were on level 3 of the Dungeon.
You visited 1 branch of the dungeon, and saw 3 of its levels.

You collected 115 gold pieces.

Inventory:

Hand Weapons
 a - a +2 spear (weapon)
 b - a +0 hunting sling
Missiles
 g - 92 stones
 k - 7 boomerangs of dispersal (quivered)
 l - 18 arrows
 t - 15 bolts
 w - 19 sling bullets
Armour
 c - a +0 chain mail
 r - a +0 ring mail (worn)
Jewellery
 j - a +6 ring of intelligence (left hand)
 n - a ring of magical power (right hand)
Scrolls
 e - 3 scrolls of remove curse
 f - a scroll of fear {unknown}
 i - 5 scrolls of identify {unknown}
 o - 3 scrolls of teleportation {unknown}
 p - a scroll of blinking {unknown}
 u - a scroll of enchant weapon {unknown}
Potions
 d - a potion of attraction {unknown}
 h - a potion of magic {unknown}
 q - a potion of haste {unknown}
 s - a potion of lignification {unknown}


   Skills:
 - Level 1.5 Fighting
 - Level 2.5 Armour
 - Level 1.2 Stealth
 - Level 1.0 Shields
 - Level 5.0 Spellcasting
 + Level 3.4 Translocations
 - Level 1.1 Ice Magic


You had 9 spell levels left.
You knew the following spells:

 Your Spells              Type           Power        Failure   Level
a - Apportation           Tloc           46%          4%          1
b - Portal Projectile     Hex/Tloc       28%          30%         3

Your spell library contained the following spells:

 Spells                   Type           Power        Failure   Level


Dungeon Overview and Level Annotations

Branches:
Dungeon (3/15)

Altars:


Message History

The orc wizard is moderately wounded.
You hit the orc wizard but do no damage.
The orc wizard is moderately wounded.
The orc barely misses you.
The orc wizard hits you but does no damage.
The orc wizard points at you and mumbles some strange words.
The puff of flame misses you.
The orc wizard hits you with a +0 dagger.
The orc priest calls down the wrath of Beogh upon you.
Beogh smites you!
The orc wizard hits you but does no damage.
The orc wizard closely misses you. The orc wizard barely misses you.
The orc wizard points at you and mumbles some strange words.
The magic dart hits you.
* * * LOW HITPOINT WARNING * * *
There is a stone staircase leading up here.
The orc wizard casts a spell at you. The puff of frost hits you!
You die...

#.##.....#
##.## ##.#
....# #.o##
##..# #...#
....# #..o#
#...# #...#
#...# #...#
#...#
#...#######
....#
#...ooo.o@#
#..##
.#[.########
#..# ..#..#
#..##..####
#......#
#...#..#
#...# .#
#...#..#
.......#


You could see an orc priest, an orc wizard (fast) and 2 orcs.

Vanquished Creatures
  4 adders
  An ooze (D:1)
  2 worms (D:2)
  2 dart slugs (D:1)
  4 leopard geckos
  An orc (D:2)
  A ball python (D:2)
  4 bats
  6 giant cockroaches
  13 goblins
  7 hobgoblins
  5 jackals (D:1)
  5 kobolds
  5 frilled lizards
  6 rats
66 creatures vanquished.

Vanquished Creatures (others)
  8 plants (D:3)
8 creatures vanquished.

Grand Total: 74 creatures vanquished

Notes
Turn   | Place    | Note
-------+----------+-------------------------------------------
     0 | D:1      | Descartes the Deep Elf Wanderer began the quest for the
                  | Orb.
     0 | D:1      | Descartes set off with the following items: a +2 spear, a
                  | +0 ring mail; and the following spell memorised:
                  | Apportation; and the following spells available to
                  | memorise: Portal Projectile
     0 | D:1      | Reached XP level 1. HP: 12/12 MP: 3/3
   128 | D:1      | Reached skill level 1 in Spellcasting
   141 | D:1      | Reached skill level 2 in Spellcasting
   141 | D:1      | Reached XP level 2. HP: 7/16 MP: 5/7
   493 | D:1      | Reached skill level 3 in Spellcasting
  1061 | D:1      | Reached XP level 3. HP: 18/20 MP: 10/10
  1428 | D:2      | Reached skill level 4 in Spellcasting
  1638 | D:1      | Learned a level 3 spell: Portal Projectile
  2232 | D:2      | Reached XP level 4. HP: 18/25 MP: 12/12
  2692 | D:2      | Reached skill level 5 in Spellcasting
  3401 | D:3      | HP: 1/25 [orc wizard/+0 dagger (2)]
  4233 | D:3      | Killed from afar by an orc wizard

Illustrated notes

Levels and vault maps discovered:
D:1:      scummos_arrival_checkerplants, layout_loops_ring
D:2:      layout_basic, minmay_strange_pillars
D:3:      layout_basic, serial_bayou, serial_bayou_ford_a, serial_bayou_pond_b,
          serial_bayou_pond_b, kennysheep_minor_cross, uniq_jessica

Skill      XL: |  1  2  3  4 |
---------------+-------------+-----
Spellcasting   | 2 3 4 5 |  5.0
Translocations | 3 |  3.4
Fighting       | |  1.5
Armour         | |  2.5
Stealth        | |  1.2
Shields        | |  1.0
Ice Magic      | |  1.1

Action                   |  1- 3 |  4- 6 || total
-------------------------+-------+-------++-------
Melee: Spear             |   140 |   132 ||   272
 Fire: Hunting sling     |       |    15 ||    15
 Cast: Apportation       |     4 |       ||     4
  Use: Scroll            |     2 |       ||     2
       Potion            |       |     4 ||     4
Armor: Ring mail         |    50 |    65 ||   115
Dodge: Dodged            |    51 |    78 ||   129
